 Dungeon Crawl Stone Soup version 0.31.0-32-g396128a36d (webtiles) character file.

Game seed: 4514003225211151609

1237 Doomgape the Trooper (level 8, -1/53 HPs)
             Began as a Gargoyle Fighter on Apr 5, 2024.
             Slain by Menkaure (13 damage)
             ... on level 5 of the Dungeon.
             The game lasted 00:09:17 (3540 turns).

Doomgape the Trooper (Gargoyle Fighter)             Turns: 3540, Time: 00:09:17

Health: -1/53      AC: 21    Str: 21    XL:     8   Next: 49%
Magic:  8/8        EV:  6    Int: 10    God:
Gold:   217        SH:  4    Dex:  9    Spells: 7/7 levels left

rFire   . . .        a - +0 war axe
rCold   . . .        c - +0 buckler
rNeg    + . .        g - +0 plate armour
rPois   ∞            (no helmet)
rElec   +            b - +1 cloak
rCorr   .            (no gloves)
SInv    .            (no boots)
Will    .....        (no amulet) Stlth
                     (no ring)
HPRegen 0.28/turn    (no ring)
MPRegen 0.11/turn

%: no passive effects
@: no status effects
A: sickness immunity, AC +5, negative energy resistance 1, electricity
resistance, torment resistance 1, petrification resistance
a: no special abilities


You were on level 5 of the Dungeon.
You visited 1 branch of the dungeon, and saw 5 of its levels.

You collected 217 gold pieces.

Inventory:

Hand Weapons
 a - a +0 war axe (weapon)
Missiles
 o - 3 javelins (quivered)
Armour
 b - a +1 cloak (worn)
 c - a +0 buckler (worn)
 g - a +0 plate armour (worn)
Scrolls
 i - a scroll of fear
 k - 2 scrolls of identify
 l - 2 scrolls of immolation {unknown}
 m - a scroll of vulnerability
 p - a scroll of enchant armour {unknown}
Potions
 d - a potion of might
 e - 3 potions of mutation {unknown}
 f - a potion of curing
 h - a potion of enlightenment {unknown}
 j - a potion of attraction {unknown}
 n - a potion of cancellation {unknown}


   Skills:
 + Level 7.1 Fighting
 + Level 5.4 Axes
 + Level 7.0 Armour
 - Level 3.3 Shields


You had 7 spell levels left.
You didn't know any spells.
Your spell library contained the following spells:

 Spells                   Type           Power      Damage    Failure   Level
 Magic Dart               Conj           0%         1d3       100%        1
 Sandblast                Erth           0%         2d4       100%        1
 Slow                     Hex            0%         N/A       100%        1
 Blink                    Tloc           0%         N/A       100%        2
 Call Imp                 Summ           0%         N/A       100%        2
 Searing Ray              Conj           0%         2d4       100%        2
 Confusing Touch          Hex            0%         N/A       100%        3
 Passwall                 Erth           0%         N/A       100%        3
 Sigil of Binding         Hex            0%         N/A       100%        3
 Stone Arrow              Conj/Erth      0%         3d7       100%        3
 Tukima's Dance           Hex            0%         N/A       100%        3
 Vampiric Draining        Necr           0%         2d6       100%        3
 Brom's Barrelling Bould  Conj/Erth      0%         2d3       100%        4
 Fulminant Prism          Conj/Alch      0%         3d5       100%        4
 Passage of Golubria      Tloc           0%         N/A       100%        4
 Yara's Violent Unravell  Hex/Alch       0%         3d3       100%        5


Dungeon Overview and Level Annotations

Branches:
Dungeon (5/15)
 Temple: D:4-7

Altars:

Annotations:
D:5 Menkaure


Innate Abilities, Weirdness & Mutations

You are immune to sickness and miasma.
Your stone body is resilient. (AC +5)
You are immune to poison.
You resist negative energy. (rN+)
You are resistant to electric shocks. (rElec)
You are resistant to unholy torment.
You are immune to petrification.


Message History

You kill the ogre!
Your Armour skill increases to level 7!
Things that are here:
a +0 giant club; an ogre corpse Menkaure, Prince of Dust comes into view.
A hound comes into view.
The hound barks!
Menkaure casts a spell.
Menkaure seems to speed up.
You start resting.
The hound bites you.
You completely miss the hound.
The hound bites you but does no damage. x2
Menkaure calls on the powers of darkness!
The hound convulses!
Your body is wracked with pain!
You barely miss the hound.
The hound is heavily wounded.
The hound bites you but does no damage. x2
You closely miss the hound.
The hound is heavily wounded.
The hound bites you but does no damage. You block the hound's attack.
You slash the hound!
You kill the hound!
You hit Menkaure.
Menkaure is lightly damaged.
You block Menkaure's attack.
Menkaure mumbles, "Let me perform the rites..."
Menkaure hits you!
You slash Menkaure!
Menkaure is severely damaged.
Menkaure breathes soot at you. Menkaure casts a spell at you.
You are unaffected.
You closely miss Menkaure.
Menkaure is severely damaged.
Menkaure hits you!
* * * LOW HITPOINT WARNING * * *
Menkaure calls on the powers of darkness!
Your body is wracked with pain!
* * * LOW HITPOINT WARNING * * *
You feel better. Menkaure hits you!
You die...

#.#...# #.#...## #.#....
#.##..## #. #####.##...##
#.# ## .. .....M..## ...
.#####.# #.##h?...#.#
#.##.......####@#........#
#.#.. .........)M........#
#.#.# #.####.###.......##
##.#.####.####.# ##.....##
...............# ##...##
##.#.####.####.# #.##
............ ..# .#
####.########..# .# #.#
#...


You could see Menkaure (fast).

Vanquished Creatures
  Sigmund (D:2)
  Duvessa (D:4)
  An ice beast (D:5)
  2 ogres (D:5)
  Blork the orc (D:4)
  2 scorpions (D:4)
  Dowan (D:4)
  A jelly (D:5)
  Crazy Yiuf (D:4)
  3 orc priests
  5 hounds
  An iguana (D:5)
  An orc wizard (D:3)
  5 adders
  A white imp (D:5)
  4 dart slugs
  3 ribbon worms
  9 orcs
  5 ball pythons
  4 bats (D:1)
  8 endoplasms
  A giant cockroach (D:1)
  4 goblins (D:1)
  6 hobgoblins
  3 jackals (D:1)
  2 quokkas
  3 frilled lizards
  7 kobolds
  4 rats
90 creatures vanquished.

Notes
Turn   | Place    | Note
-------+----------+-------------------------------------------
     0 | D:1      | Doomgape the Gargoyle Fighter began the quest for the Orb.
     0 | D:1      | Reached XP level 1. HP: 14/14 MP: 1/1
   140 | D:1      | Reached XP level 2. HP: 19/19 MP: 2/2
   353 | D:1      | Reached XP level 3. HP: 23/24 MP: 3/3
   859 | D:2      | Noticed Sigmund
   879 | D:2      | Killed Sigmund
   880 | D:2      | Reached XP level 4. HP: 13/30 MP: 4/4
   880 | D:2      | Reached XP level 5. HP: 14/34 MP: 5/5
  1321 | D:2      | You fall into a shaft and drop 1 floor!
  1352 | D:3      | Reached XP level 6. HP: 38/40 MP: 6/6
  1387 | D:3      | Reached skill level 5 in Fighting
  1742 | D:3      | Reached skill level 5 in Armour
  2196 | D:4      | Noticed Dowan
  2197 | D:4      | Noticed Duvessa
  2339 | D:4      | Killed Duvessa
  2340 | D:4      | Reached XP level 7. HP: 31/44 MP: 7/7
  2457 | D:4      | Killed Dowan
  2501 | D:4      | Identified the +2 whip of the Crafting Gods {drain, rF+
                  | Dex+2}
  2517 | D:4      | Found a runed translucent door.
  2518 | D:4      | Noticed Crazy Yiuf
  2529 | D:4      | Killed Crazy Yiuf
  2834 | D:4      | Noticed Blork the orc
  2851 | D:4      | Killed Blork the orc
  3041 | D:5      | Entered Level 5 of the Dungeon
  3047 | D:5      | Reached XP level 8. HP: 52/52 MP: 8/8
  3099 | D:5      | Reached skill level 5 in Axes
  3526 | D:5      | Noticed Menkaure
  3540 | D:5      | Slain by Menkaure

Illustrated notes

Levels and vault maps discovered:
D:1:      dpeg_arrival_concentric_ovals, layout_basic,
          minmay_misc_feat_diagonals
D:2:      layout_loops_corners, nicolae_ecumenical_lake_church,
          nicolae_concentric_dashed_squares_mild, uniq_sigmund
D:3:      layout_basic
D:4:      layout_rooms, glass_columns_a, uniq_blork_the_orc, uniq_duvessa,
          uniq_crazy_yiuf_cottage
D:5:      layout_loops_ring, uniq_menkaure, uniq_eustachio

Skill      XL: |  1  2  3  4  5  6  7  8 |
---------------+-------------------------+-----
Axes           | 2 3 4 5 |  5.4
Fighting       | 4 5 6 7 |  7.1
Armour         | 4 5 6 7 |  7.0
Shields        | |  3.3

Action                     |  1- 3 |  4- 6 |  7- 9 || total
---------------------------+-------+-------+-------++-------
  Melee: War axe           |    92 |   125 |   150 ||   367
    Use: Scroll            |       |     6 |       ||     6
         Potion            |       |     1 |     4 ||     5
 Armour: Scale mail        |    12 |       |       ||    12
         Plate armour      |    57 |   132 |   148 ||   337
  Dodge: Dodged            |    30 |    31 |    38 ||    99
  Block: Buckler           |    15 |    22 |    30 ||    67
